 Dungeon Crawl Stone Soup version 0.17-a0-1-g1f4be75 (webtiles) character file.

520 Gronka the Shield-Bearer (level 7, -17/54 HPs)
             Began as a Human Fighter on Mar 6, 2015.
             Demolished by an ogre
             ... wielding a +0 giant club
              (23 damage)
             ... on level 5 of the Dungeon.
             The game lasted 00:07:44 (3518 turns).

Gronka the Shield-Bearer (Human Fighter)            Turns: 3518, Time: 00:07:44

Health: -17/54     AC: 10    Str: 22    XL:     7   Next: 45%
Magic:  7/7        EV:  7    Int: 14    God:
Gold:   348        SH: 10    Dex: 12    Spells: 0 memorised, 6 levels left

rFire  + . .     SeeInvis .     a - +1 long sword
rCold  x . .     Clarity  .     o - +0 chain mail
rNeg   . . .     SustAb   .     c - +0 shield
rPois  .         Gourm    +     (no helmet)
rElec  .         Spirit   .     G - +0 cloak
rCorr  .         Warding  .     (no gloves)
rMut   .         Stasis   .     (no boots)
MR     .....                    t - amulet of the gourmand
Stlth  ..........               w - ring of fire
                                n - +4 ring of strength

@: brilliant, not resistant to hostile enchantments, extremely unstealthy
A: no striking features
a: no special abilities


You were on level 5 of the Dungeon.
You were not hungry.

You visited 1 branch of the dungeon, and saw 5 of its levels.

You collected 348 gold pieces.

Inventory:

Hand weapons
 a - a +1 long sword (weapon)
 s - a +0 long sword
Armour
 b - a +1 scale mail
 c - a +0 shield (worn)
 o - a +0 chain mail (worn)
 G - a +0 cloak (worn)
Jewellery
 n - a +4 ring of strength (left hand)
 t - an amulet of the gourmand (around neck)
 w - a ring of fire (right hand)
 y - an uncursed ring of stealth
 J - an uncursed ring of protection from cold
Magical devices
 m - a wand of teleportation (3)
Scrolls
 g - 5 scrolls of identify
 q - a scroll of random uselessness
 v - 2 scrolls of remove curse
 z - a scroll of teleportation {unknown}
 A - a scroll of fog {unknown}
 E - 2 scrolls of noise {unknown}
 F - 2 scrolls of blinking
 I - a scroll of magic mapping
Potions
 d - a potion of haste {unknown}
 e - a potion of might
 i - a potion of cancellation
 j - a potion of beneficial mutation {unknown}
 l - a potion of agility
 r - a potion of mutation {unknown}
 u - a potion of heal wounds {unknown}
 x - a potion of restore abilities {unknown}
 C - 2 potions of resistance
Comestibles
 f - 5 fruits
 k - 2 beef jerkies
 p - a slice of pizza
 B - 2 bread rations
 H - a royal jelly


   Skills:
 + Level 4.2 Fighting
 + Level 3.8 Long Blades
 + Level 4.1 Armour
 + Level 2.3 Dodging
 + Level 5.1 Shields


You had 6 spell levels left.
You didn't know any spells.

Dungeon Overview and Level Annotations

Branches:
Dungeon (5/15)
 Temple: D:4-7

Altars:
Okawaru


Message History

You block the ogre's attack.
Drink which item? (? for menu, Esc to quit)
It was a potion of cancellation.
Your magical effects are unravelling.
You feel magically purged.
Your resistance to elements expires.
You feel a little less agile now. The ogre barely misses you.
Drink which item? (? for menu, Esc to quit)
It was a potion of cure mutation.
It has a very clean taste.
The hobgoblin hits you with a club.
* * * LOW HITPOINT WARNING * * *
Drink which item? (? for menu, Esc to quit)
It was a potion of brilliance.
You feel clever all of a sudden. The ogre barely misses you.
You block the hobgoblin's attack.
You are too injured to fight recklessly!
You slash the ogre!
The ogre is severely wounded.
The ogre hits you with a giant club!!
You die...

#######
.......##
.........#
.........#
....<....
#.......O#
#g@### #.(..#
#..#.###
##.#...## #
#..##..###.####
##..##.#.......
##..#...# #.#
###.....### #.#
...........##
#.# #


You could see an ogre and a hobgoblin.

Vanquished Creatures
  A centaur (D:5)
  A giant frog (D:3)
  2 scorpions (D:4)
  A centaur zombie (D:5)
  An iguana (D:4)
  Ijyb (D:5)
  A hound skeleton (D:5)
  6 adders
  A shadow imp (D:3)
  3 giant mites
  2 worms (D:3)
  10 orcs
  A bat zombie (D:5)
  8 hobgoblins
  3 jackals (D:4)
  13 kobolds
  2 quokkas
  A ball python (D:2)
  12 bats
  4 giant cockroaches
  2 giant geckos
  6 giant newts
  8 goblins
  A jackal skeleton (D:4)
  10 rats
101 creatures vanquished.

Notes
Turn   | Place    | Note
--------------------------------------------------------------
     0 | D:1      | Gronka, the Human Fighter, began the quest for the Orb.
     0 | D:1      | Reached XP level 1. HP: 18/18 MP: 1/1
   155 | D:1      | Reached XP level 2. HP: 22/24 MP: 2/2
   511 | D:1      | Reached XP level 3. HP: 10/29 MP: 3/3
   642 | D:1      | Found an iron altar of Okawaru.
  1102 | D:2      | Reached XP level 4. HP: 28/35 MP: 4/4
  1799 | D:3      | Noticed a giant frog
  1810 | D:3      | Killed a giant frog
  1810 | D:3      | Reached skill level 1 in Dodging
  1810 | D:3      | Reached XP level 5. HP: 31/42 MP: 5/5
  2078 | D:3      | Reached skill level 4 in Shields
  2214 | D:3      | Reached XP level 6. HP: 48/48 MP: 6/6
  3305 | D:5      | Entered Level 5 of the Dungeon
  3326 | D:5      | Reached XP level 7. HP: 49/54 MP: 7/7
  3400 | D:5      | Reached skill level 5 in Shields
  3425 | D:5      | Noticed Ijyb
  3435 | D:5      | Killed Ijyb
  3518 | D:5      | Demolished by an ogre

Action                   |  1- 3 |  4- 6 |  7- 9 || total
-------------------------+-------+-------+-------++-------
Melee: Long sword        |   129 |   225 |    52 ||   406
  Use: Scroll            |     5 |     3 |     1 ||     9
       Potion            |       |       |     5 ||     5
  Eat: Bread ration      |       |     2 |       ||     2
